 Dungeon Sprint DCSS version 0.21-a0-279-g6037ffb (webtiles) character file.

36 Kidiri the Magician (level 3, -4/19 HPs)
             Began as a Deep Elf Fire Elementalist on Sept 23, 2017.
             Slain by a wolf (7 damage)
             ... in the Dungeon (Sprint III: "The Ten Rune Challenge").
             The game lasted 00:02:24 (255 turns).

Kidiri the Magician (Deep Elf Fire Elementalist)     Turns: 255, Time: 00:02:25

Health: -4/19      AC:  2    Str:  5    XL:     3   Next: 19%
Magic:  8/13       EV: 13    Int: 20    God:
Gold:   10         SH:  0    Dex: 15    Spells: 6/15 levels left

rFire    . . .     SeeInvis .   (no weapon)
rCold    . . .     Gourm    .   (no shield)
rNeg     . . .     Faith    .   a - +0 robe
rPois    .         Spirit   .   (no helmet)
rElec    .         Reflect  .   (no cloak)
rCorr    .         Harm     .   (no gloves)
MR       .....     NoTele   +   (no boots)
Stlth    ++........             (no amulet)
HPRegen  0.06/turn              (no ring)
MPRegen  0.13/turn              (no ring)

@: no status effects
A: no striking features
a: no special abilities


You were in the Dungeon.
You were not hungry.

You visited 1 branch You collected 10 gold pieces.

Inventory:

Armour
 a - a +0 robe (worn)
Scrolls
 i - a scroll of blinking
 j - a scroll of remove curse {unknown}
Potions
 e - a potion of heal wounds
 f - a potion of haste
 g - 2 potions of magic
 h - a potion of berserk rage
Books
 b - a book of Flames

   Spells                             Type                      Level
   a - Flame Tongue                   Conjuration/Fire             1
   b - Throw Flame                    Conjuration/Fire             2
   c - Conjure Flame                  Conjuration/Fire             3
   d - Inner Flame                    Hexes/Fire                   3
   e - Sticky Flame                   Conjuration/Fire             4
   f - Fireball                       Conjuration/Fire             5
Comestibles
 c - a bread ration
 d - 4 chunks of flesh


   Skills:
 - Level 2.4 Dodging
 - Level 2.4 Stealth
 * Level 6.6 Spellcasting
 + Level 3.5 Conjurations
 + Level 4.7 Fire Magic


You had 6 spell levels left.
You knew the following spells:

 Your Spells              Type           Power        Failure   Level  Hunger
a - Flame Tongue          Conj/Fire      ###..        1%          1    None
b - Throw Flame           Conj/Fire      ###...       2%          2    None
c - Conjure Flame         Conj/Fire      ###.....     5%          3    #......
d - Inner Flame           Hex/Fire       ###.....     11%         3    #......


Dungeon Overview and Level Annotations

Branches:
Dungeon (1/1)

Altars:


Message History

Aim: a wolf (almost dead)
The flame tongue misses the wolf.
The wolf misses you. The wolf bites you! The wolf barely misses you.
Casting: Flame Tongue
Confirm with . or Enter, or press ? or * to list all spells.
Aiming: Flame Tongue
Press: ? - help, Shift-Dir - straight line, f/p - wolf
Aim: a wolf (almost dead)
The flame tongue misses the wolf.
The wolf closely misses you.
Casting: Flame Tongue
Confirm with . or Enter, or press ? or * to list all spells.
Aiming: Flame Tongue
Press: ? - help, Shift-Dir - straight line, f/p - wolf
Aim: a wolf (almost dead)
The flame tongue hits the wolf.
The wolf appears unharmed.
The wolf is almost dead.
The wolf bites you.
* * * LOW HITPOINT WARNING * * *
The wolf bites you!
You die...

▓<..#...####
▓...#......##
▓..##.......# .#
▓##.##.##...# .#
##.##.###..# ..#
▓#.####.##..# ...+
▓.###..##.)##
#p..# ▓#.....##..#
#....#
###..##..@##.....#
##..##...h#......#
#..###..##p#.....#
#..# #..#####....#
▓▓▓▓ ▓▓▓▓ ▓▓▓▓▓


You could see a human and a wolf.

Vanquished Creatures
  Jessica (D)
  2 oozes (D)
  A rat (D)
4 creatures vanquished.

Vanquished Creatures (others)
  6 hellions (D)
  A yaktaur (D)
  3 plants (D)
10 creatures vanquished.

Grand Total: 14 creatures vanquished

Notes
Turn   | Place    | Note
-------+----------+-------------------------------------------
     0 | D        | Kidiri the Deep Elf Fire Elementalist began the quest for the Orb.
     0 | D        | Reached XP level 1. HP: 10/10 MP: 6/6
     9 | D        | Reached skill level 4 in Spellcasting
   100 | D        | Killed a hellion
   100 | D        | Killed a hellion
   101 | D        | Killed a hellion
   103 | D        | Reached XP level 2. HP: 15/15 MP: 5/9
   107 | D        | Learned a level 2 spell: Throw Flame
   151 | D        | Reached skill level 5 in Spellcasting
   151 | D        | Killed a hellion
   151 | D        | Killed a hellion
   160 | D        | Noticed Jessica
   161 | D        | Killed a hellion
   165 | D        | Killed Jessica
   165 | D        | Reached skill level 6 in Spellcasting
   165 | D        | Reached XP level 3. HP: 14/19 MP: 7/13
   170 | D        | Learned a level 3 spell: Conjure Flame
   174 | D        | Learned a level 3 spell: Inner Flame
   252 | D        | Killed a yaktaur
   255 | D        | Slain by a wolf

Vault maps used:
D:        dungeon_sprint_mu

Skill      XL: |  1  2 |
---------------+-------+-----
Spellcasting   | 4 6 |  6.6
Conjurations   | 2 3 |  3.5
Fire Magic     | 4 |  4.7
Dodging        | |  2.4
Stealth        | |  2.4

Action                   || total
-------------------------++-------
 Cast: Flame Tongue      ||    15
  Use: Potion            ||     1
Dodge: Dodged            ||     6

Table legend:
 A = Spawn XP
 B = Non-spawn XP
 C = Spawn XP percentage of total XP
 D = Spawn monster count
 E = Non-spawn monster count
 F = Spawn count percentage of total count
 G = Total turns spent on level
                    A         B        C        D         E        F      G
               +---------+---------+-------+---------+---------+-------+---------
         Total |       0 |      52 |   0.0 |       0 |       4 |   0.0 |   255
               +---------+---------+-------+---------+---------+-------+---------
             D |       0 |      52 |   0.0 |       0 |       4 |   0.0 |   255
               +---------+---------+-------+---------+---------+-------+---------
